[Event "Biel DAQ"]
[Site "Biel/Bienne, Switzerland"]
[Date "2022.07.14"]
[Round "1.1"]
[White "Zhuang, Yongzhe"]
[Black "Avilova, Yulia"]
[Result "1/2-1/2"]
[TimeControl "90 min /40 mv + 30 min + 30s/mv"]
[WhiteElo "1838"]
[BlackElo "1646"]

1. e4 c5 2. c3 d6 
 3. d4 cxd4 4. cxd4 Nf6
 5. Nc3 
a6 6. a3 Nbd7 7. Nf3 
 Qc7 8. Bd3 e6 9. a4
 Be7 10.
O-O O-O 
11. Qe2 e5 12. h3 b6 
 13. Bg5 Bb7 14. Rac1 Qd8
 15. Rfd1 exd4 16. Nxd4 
 Nc5 17. Bb1 Re8 18. f3
 g6 19.
b4 Nfxe4 20. Bxe7 Nxc3 
 21. Rxc3 Rxe7 22. Qc2 Ne6
 23. Nc6 
Bxc6 24. Rxc6 Rd7 25. Qd2 
 Rc8 26. Be4 d5 27. Rxc8
 Qxc8 28.
Bxd5 Qd8 29. Kf1 Kf8 
 30. Qh6+ Ng7 31. Qxh7 Rxd5
 32. Rxd5 Qxd5 33. Qh8+ 
 Ke7 34. Qxg7 Qd1+ 35. Kf2
 Qd2+ 36.
Kg1 Qe1+ 37. Kh2 Qxb4 
 38. Qe5+ Kd7 39. Qa1 Qc5
 40. Qa2 
Qe5+ 41. Kg1 Qe6 42. Qd2+ 
 Qd6 43. Qa2 Qe6 44. Qd2+
 1/2-1/2

[Event "Biel DAQ"]
[Site "Biel/Bienne, Switzerland"]
[Date "2022.07.14"]
[Round "1.2"]
[White "Cornileau, Juliette"]
[Black "Ciarletta, Iris"]
[Result "1-0"]
[TimeControl "90 min /40 mv + 30 min + 30s/mv"]
[WhiteElo "1900"]
[BlackElo "1717"]

1. d4 Nf6 2. c4 c5 
 3. d5 e6 4. Nc3 exd5
 5. cxd5 
d6 6. e4 g6 7. Nf3 
 Bg7 8. Be2 a6 9. a4
 b6 10.
O-O O-O 
11. Nd2 Re8 12. f4 Qc7 
 13. Bf3 Bb7 14. Nc4 Re7
 15. e5 
Ne8 16. Ne4 Qd8 17. Nexd6 
 Nxd6 18. Nxd6 Ra7 19. Nxb7
 Rexb7 
20. d6 Rd7 21. Qb3 a5 
 22. Bd2 h6 23. Rae1 Kh8
 24. Bd5 
Bf8 25. Qh3 Kg7 26. f5 
 Kh7 1-0

[Event "Biel DAQ"]
[Site "Biel/Bienne, Switzerland"]
[Date "2022.07.14"]
[Round "1.3"]
[White "Keymer, Cecilia"]
[Black "Sumarriva Paulin, Laura"]
[Result "1/2-1/2"]
[TimeControl "90 min /40 mv + 30 min + 30s/mv"]
[WhiteElo "1652"]
[BlackElo "1913"]

1. d4 d5 2. c4 e6 
 3. Nf3 c5 4. cxd5 exd5
 5. Bg5 
Be7 6. Bxe7 Nxe7 7. e3 
 Nbc6 8. dxc5 Qa5+ 9. Nc3
 Qxc5 10.
Be2 O-O 
11. O-O Bf5 12. Rc1 Rad8 
 13. Qb3 Na5 14. Qb5 Qxb5
 15. Nxb5 Nac6 16. Nbd4 
 Be4 17. Rc3 h6 18. Rfc1
 Rd6 19.
Bb5 Nxd4 20. Nxd4 a6 
 21. Be2 Nf5 22. Nxf5 Bxf5
 23. Bd3 
Be6 24. Rc7 b5 25. b3 
 g6 26. Kf1 Rfd8 27. Ke2
 Kg7 28.
R7c6 f5 
29. R1c3 Bf7 30. Rc7 d4 
 31. exd4 Rxd4 32. Re7 Kf6
 33. Re3 
R4d6 34. a3 Re8 35. Rxe8 
 Bxe8 36. Bc2 Rc6 37. Kd3
 Ke5 38.
b4 Rxc3+ 39. Kxc3 Bc6 
 40. g3 g5 41. Bd3 1/2-1/2

[Event "Biel DAQ"]
[Site "Biel/Bienne, Switzerland"]
[Date "2022.07.20"]
[Round "5.1"]
[White "Keymer, Cecilia"]
[Black "Avilova, Yulia"]
[Result "1-0"]
[TimeControl "90 min /40 mv + 30 min + 30s/mv"]
[WhiteElo "1652"]
[BlackElo "1646"]

1. d4 d5 2. c4 e6 
 3. Nc3 Nf6 4. cxd5 exd5
 5. Bg5 
Be7 6. e3 O-O 7. Bd3 
 Nbd7 8. Nf3 b6 9. Qc2
 Bb7 10.
O-O Kh8 
11. Rfd1 h6 12. Bf4 Rg8 
 13. Ne5 g5 14. Nxf7+ Kg7
 15. Nxd8 Raxd8 16. Bxc7 
 Rdf8 17. Qe2 h5 18. Bf5
 Bc8 19.
Be6 Rh8 
20. Nxd5 Nxd5 21. Bxd5 Nf6 
 22. Be5 Kh6 23. Bxf6 Rxf6
 24. Rac1 Bd6 25. e4 
 Bf4 26. Rc6 Rxc6 27. Bxc6
 Rf8 28.
Qc4 g4 
29. g3 Bg5 30. e5 h4 
 31. e6 hxg3 32. hxg3 1-0

[Event "Biel DAQ"]
[Site "Biel/Bienne, Switzerland"]
[Date "2022.07.20"]
[Round "5.2"]
[White "Tamrazyan, Gohar"]
[Black "Cornileau, Juliette"]
[Result "1-0"]
[TimeControl "90 min /40 mv + 30 min + 30s/mv"]
[WhiteElo "1916"]
[BlackElo "1900"]

1. e4 c6 2. Nc3 d5 
 3. Nf3 dxe4 4. Nxe4 Bf5
 5. Ng3 
Bg6 6. h4 h6 7. Ne5 
 Bh7 8. Qh5 g6 9. Qf3
 Nf6 10.
Qb3 Nd5 
11. Qxb7 Qc7 12. Qxc7 Nxc7 
 13. Bc4 e6 14. d4 Bg7
 15. Nf3 
Nd5 16. c3 Nd7 17. Nf1 
 N7b6 18. Bd3 Rb8 19. Ne3
 Nf4 20.
Be4 Nfd5 21. Ng4 f5 
 22. Bxd5 cxd5 23. Nge5 Na4
 24. O-O 
Rb6 25. Nd3 Ke7 26. Re1 
 Rhb8 27. Re2 Bg8 28. Nfe5
 Bf7 29.
Rc2 Rc8 
30. Bd2 Bxe5 31. dxe5 Rbc6 
 32. Rac1 Nb6 33. Bxh6 d4
 34. Bd2 
R6c7 35. Ne1 dxc3 36. Rxc3 
 Rxc3 37. Rxc3 Rb8 38. Rc7+
 Kf8 39.
b3 a6 
40. Nf3 Nd5 41. Ra7 1-0

[Event "Biel DAQ"]
[Site "Biel/Bienne, Switzerland"]
[Date "2022.07.20"]
[Round "5.3"]
[White "Moracchini, Margaux"]
[Black "Zhuang, Yongzhe"]
[Result "0-1"]
[TimeControl "90 min /40 mv + 30 min + 30s/mv"]
[WhiteElo "1937"]
[BlackElo "1838"]

1. e4 e5 2. Nf3 Nf6 
 3. Nc3 Nc6 4. d4 exd4
 5. Nxd4 
Bb4 6. Nxc6 bxc6 7. Bd3 
 d6 8. Bg5 h6 9. Bh4
 g5 10.
Bg3 Qe7 
11. O-O Ng4 12. Ne2 h5 
 13. Nd4 Bd7 14. Nf5 Qf6
 15. c3 
Bc5 16. Bc2 Rd8 17. Qe2 
 Kf8 18. h3 Bxf5 19. exf5
 Re8 20.
Qc4 Nh6 
21. b4 Bb6 22. Qxc6 h4 
 23. Bh2 g4 24. hxg4 Nxg4
 25. Qf3 
Ne3 26. Ba4 Nxf1 27. Bxe8 
 Nxh2 28. Kxh2 Kxe8 29. Re1+
 Kd7 30.
b5 d5 
31. Kg1 Qd6 32. f6 h3 
 33. g3 Rg8 34. Rd1 Rxg3+
 0-1

[Event "Biel DAQ"]
[Site "Biel/Bienne, Switzerland"]
[Date "2022.07.20"]
[Round "5.4"]
[White "Sumarriva Paulin, Laura"]
[Black "Ciarletta, Iris"]
[Result "0-1"]
[TimeControl "90 min /40 mv + 30 min + 30s/mv"]
[WhiteElo "1913"]
[BlackElo "1717"]

1. e4 c5 2. Nc3 d6 
 3. g3 Nc6 4. Bg2 Nf6
 5. d3 
e6 6. Nge2 Be7 7. O-O 
 Rb8 8. h3 O-O 9. a3
 a6 10.
Be3 b5 
11. Rb1 Bb7 12. f4 Qd7 
 13. g4 Ne8 14. Ng3 Nc7
 15. f5 
Bf6 16. g5 Bd4 17. Bxd4 
 Nxd4 18. f6 g6 19. Nce2
 e5 20.
Nxd4 cxd4 21. Kh2 Bc8 
 22. h4 Qg4 23. Qxg4 Bxg4
 24. Bh3 
Bxh3 25. Kxh3 Ne6 26. Kg4 
 h5+ 27. gxh6 Kh7 28. Rh1
 Rbc8 29.
Rbc1 Rg8 30. Kf3 Nf4 
 31. h5 Nxh5 32. Nxh5 gxh5
 33. Rxh5 Rg6 34. Rf5 
 Rcg8 35. Rf1 Rg2 36. Rf2
 Rg1 37.
Re2 R8g6 38. Rh2 Rf1+ 
 39. Rf2 Re1 40. Rg2 Rf1+
 41. Rf2 
Rh1 42. Rg2 Kxh6 43. Rf2 
 Rg5 44. Ke2 Rxf5 45. Rxf5
 Rc1 46.
Kd2 Rb1 
47. b3 Ra1 48. a4 bxa4 
 49. bxa4 Rxa4 50. Kc1 Rb4
 51. c3 
dxc3 52. Kc2 Kg6 53. Kxc3 
 Rb5 54. Rf1 a5 55. Rf2
 a4 56.
Kc4 Rb6 
57. d4 a3 58. dxe5 dxe5 
 59. Kd5 Rb5+ 60. Kd6 Rb2
 61. Rf3 
a2 62. Ra3 Kxf6 63. Kd5 
 Rd2+ 64. Kc4 Kg5 65. Kc3
 Rh2 66.
Ra4 Kf4 
67. Kd3 Rh3+ 68. Kd2 Rf3 
 69. Ke2 Re3+ 70. Kf2 Rxe4
 71. Rxa2 Re3 72. Ra4+ 
 e4 73. Ra5 Rf3+ 74. Ke2
 Rh3 75.
Rb5 Rh2+ 76. Kf1 f5 
 77. Ra5 Rb2 78. Ke1 Kg4
 79. Ra8 
f4 80. Rh8 e3 81. Kf1 
 Kf3 82. Rh3+ Ke4 83. Rh8
 Rb1+ 84.
Kg2 f3+ 
85. Kh2 f2 0-1

[ePGN "0.1;DGT LiveChess/2.2.5"]

[Event "Biel DAQ"]
[Site "Biel/Bienne, Switzerland"]
[Date "2022.07.21"]
[Round "6.1"]
[White "Avilova, Yulia"]
[Black "Ciarletta, Iris"]
[Result "0-1"]
[TimeControl "90 min /40 mv + 30 min + 30s/mv"]
[WhiteElo "1646"]
[BlackElo "1717"]

1. Nf3 c5 2. c4 Nf6 
 3. e3 g6 4. d4 cxd4
 5. exd4 
d5 6. cxd5 Nxd5 7. Nc3 
 Nxc3 8. bxc3 Bg7 9. Be2
 Qc7 10.
Qb3 Be6 
11. Qa3 O-O 12. O-O Nd7 
 13. Be3 Nb6 14. Nd2 Rfd8
 15. Rac1 Rac8 16. Rfd1 
 a6 17. Bd3 Qd7 18. Rb1
 Nc4 19.
Nxc4 Bxc4 20. Bxc4 Rxc4 
 21. Rb6 Qc7 22. Qb2 Rd7
 23. Bd2 
Rc6 24. Rb1 Rxb6 25. Qxb6 
 Qxb6 26. Rxb6 e5 27. d5
 Rxd5 28.
Rb2 Bh6 
29. Be1 b5 30. Kf1 Bc1 
 31. Rb1 Ba3 32. Ke2 Rc5
 33. Bd2 
Rc4 34. Rd1 Kg7 35. Kd3 
 Bc5 36. f3 Ra4 37. Ra1
 f5 38.
Kc2 e4 
39. fxe4 Rxe4 40. Kd3 Kf7 
 41. Rf1 Ra4 42. Ra1 Rg4
 43. g3 
Ra4 44. Bh6 Be7 45. Be3 
 Bf6 46. Bf2 b4 47. Be1
 bxc3 48.
Bxc3 Ra3 49. Rc1 Bxc3 
 50. Rxc3 Rxa2 51. Rc7+ Kg8
 52. Kd4 
Rxh2 53. Ke5 Rb2 54. Rc6 
 Kg7 55. Rxa6 Rb3 56. Ra7+
 Kh6 57.
Kf4 g5+ 
58. Kxf5 Rxg3 59. Ra6+ Kh5 
 60. Ra1 Rf3+ 61. Ke5 h6
 62. Rh1 
Kg6 63. Ke4 g4 64. Ra1 
 Kg5 65. Rh1 h5 66. Ra1
 Rf7 67.
Ke3 g3 
68. Ra8 Kg4 69. Rg8+ Kh3 
 70. Rg5 h4 71. Ke2 g2
 72. Rg6 
Kh2 73. Rg4 h3 0-1

[Event "Biel DAQ"]
[Site "Biel/Bienne, Switzerland"]
[Date "2022.07.21"]
[Round "6.2"]
[White "Zhuang, Yongzhe"]
[Black "Sumarriva Paulin, Laura"]
[Result "1/2-1/2"]
[TimeControl "90 min /40 mv + 30 min + 30s/mv"]
[WhiteElo "1838"]
[BlackElo "1913"]

1. e4 e6 2. d4 d5 
 3. exd5 exd5 4. Nf3 Bd6
 5. c4 
Nf6 6. Nc3 O-O 7. cxd5 
 Nbd7 8. Bg5 h6 9. Bh4
 Nb6 10.
Be2 Be7 
11. O-O Nfxd5 12. Bg3 Bf5 
 13. Qd2 c6 14. a3 Re8
 15. Rfe1 Rc8 16. Nxd5 
 Nxd5 17. Bc4 Bf6 18. Rxe8+
 Qxe8 19.
Re1 Qd8 
20. Ne5 Qb6 21. h3 Rd8 
 22. Rd1 Be6 23. Bd3 Ne7
 24. Nf3 
Bf5 25. Bc4 Be4 26. Ne5 
 Bd5 27. Bd3 Bb3 28. Re1
 Qxd4 29.
Qe2 Nd5 
30. Nxf7 Nf4 31. Bxf4 Bxf7 
 32. Be4 Qxb2 33. Qg4 Kh8
 34. Rb1 
Qd4 35. Be3 Qd7 36. Bf5 
 Qe7 37. Bxa7 Ra8 38. Be3
 Rxa3 39.
Bc8 Ra1 
40. Rxa1 Bxa1 41. Qa4 Be5 
 42. Qa8 Qd8 43. Bxb7 Qxa8
 44. Bxa8 Bd5 45. f4 
 Bd6 1/2-1/2

[Event "Biel DAQ"]
[Site "Biel/Bienne, Switzerland"]
[Date "2022.07.21"]
[Round "6.3"]
[White "Cornileau, Juliette"]
[Black "Moracchini, Margaux"]
[Result "1-0"]
[TimeControl "90 min /40 mv + 30 min + 30s/mv"]
[WhiteElo "1900"]
[BlackElo "1937"]

1. d4 g6 2. c4 Bg7 
 3. Nc3 c5 4. d5 d6
 5. e4 
e6 6. Nf3 Ne7 7. dxe6 
 fxe6 8. Nb5 d5 9. cxd5
 exd5 10.
exd5 a6 
11. Qa4 O-O 12. d6 Nec6 
 13. Be2 Qa5+ 14. Qxa5 Nxa5
 15. Nc7 
Ra7 16. Bd2 Nbc6 17. O-O-O 
 Bd7 18. Nd5 Kh8 19. Nb6
 Be6 20.
d7 Bf6 
21. Kb1 Nb4 22. Bxb4 cxb4 
 23. Nd4 Bf7 24. Bg4 Nc6
 25. Ne6 
Bxe6 26. Bxe6 Bd8 27. Nc8 
 Ra8 28. f3 a5 29. Rhe1
 a4 30.
Bd5 Ra5 
31. Re8 Kg7 32. Rxf8 Kxf8 
 33. Bxc6 bxc6 34. Re1 b3
 35. Re8+ Kf7 36. Rxd8 
 Rd5 37. axb3 axb3 38. Kc1
 Rc5+ 39.
Kd1 Rd5+ 40. Ke2 Rc5 
 41. Rf8+ 1-0

[Event "Biel DAQ"]
[Site "Biel/Bienne, Switzerland"]
[Date "2022.07.21"]
[Round "6.4"]
[White "Keymer, Cecilia"]
[Black "Tamrazyan, Gohar"]
[Result "1/2-1/2"]
[TimeControl "90 min /40 mv + 30 min + 30s/mv"]
[WhiteElo "1652"]
[BlackElo "1916"]

1. d4 d5 2. c4 dxc4 
 3. Nf3 Nf6 4. e3 c5
 5. Bxc4 
cxd4 6. Qxd4 Qxd4 7. Nxd4 
 a6 8. O-O g6 9. b3
 Bg7 10.
Ba3 b5 
11. Be2 Bb7 12. Nd2 Nbd7 
 13. Rac1 Nd5 14. Bf3 N7b6
 15. Bc5 
Nd7 16. Ba3 N7b6 17. Bc5 
 Nd7 18. Ba3 Bxd4 19. exd4
 a5 20.
Rfe1 b4 
21. Bb2 N7f6 22. Nc4 Ra7 
 23. Nd6+ Kf8 24. Nxb7 Rxb7
 25. Rc5 
e6 26. Rxa5 Rc7 27. Rc1 
 Rxc1+ 28. Bxc1 Kg7 29. a3
 bxa3 30.
Bxa3 Rb8 31. Bd1 Nc3 
 32. Bf3 Rxb3 33. h3 Nce4
 34. Ra8 
h5 35. Bf8+ Kh7 36. Ra2 
 g5 37. Bc5 Kg6 38. Re2
 Nc3 39.
Rc2 g4 
40. hxg4 hxg4 41. Bc6 g3 
 42. fxg3 Nce4 43. Bxe4+ Nxe4
 44. Re2 
Nxg3 45. Re5 Rd3 46. Kf2 
 Nf5 47. Re4 Kg5 48. Bb6
 Nd6 49.
Re5+ Kg4 50. Bc5 Nc4 
 51. Re4+ Kf5 52. Rh4 Rd2+
 53. Kf3 
Rd3+ 54. Kf2 Rb3 55. Rh7 
 Kg6 56. Rh4 Rb7 57. Re4
 Kf5 58.
Rh4 Kg5 
59. Re4 Nd2 60. Re2 Nb3 
 61. Kf3 Rd7 62. Ke3 e5
 63. Kf3 
Nxd4+ 64. Bxd4 exd4 65. Rd2 
 Kf5 66. Re2 f6 67. g4+
 Kg5 68.
Rg2 d3 
69. Rd2 Rd8 70. Kg3 Rd7 
 71. Kf3 Rd4 72. Ke3 Rxg4
 73. Kxd3 f5 74. Ke3 
 Rg3+ 75. Kf2 Kg4 76. Rd4+
 f4 77.
Rd8 Rf3+ 78. Kg2 Rg3+ 
 79. Kf2 Ra3 80. Rg8+ Kf5
 81. Rf8+ Ke5 82. Re8+ 
 Kd6 83. Rf8 f3 84. Rxf3
 Rxf3+ 
85. Kxf3 1/2-1/2

[ePGN "0.1;DGT LiveChess/2.2.5"]

[Event "Biel DAQ"]
[Site "Biel/Bienne, Switzerland"]
[Date "2022.07.22"]
[Round "7.1"]
[White "Tamrazyan, Gohar"]
[Black "Avilova, Yulia"]
[Result "1-0"]
[TimeControl "90 min /40 mv + 30 min + 30s/mv"]
[WhiteElo "1916"]
[BlackElo "1646"]

1. e4 c5 2. Nc3 d6 
 3. d4 cxd4 4. Qxd4 a6
 5. Nf3 
Nc6 6. Qd1 Nf6 7. Bc4 
 e6 8. Qe2 Qc7 9. O-O
 Be7 10.
Bf4 e5 
11. Bg5 Bg4 12. Qd1 Bxf3 
 13. Qxf3 Nd4 14. Qd3 Nxc2
 15. Bxf7+ Kxf7 16. Qxc2 
 h6 17. Bxf6 gxf6 18. Qb3+
 Kf8 19.
Nd5 Qd8 
20. Rac1 b5 21. Nc7 Qd7 
 22. Nxa8 Bd8 23. Qc3 Kg7
 24. Qc8 
Qf7 25. Nc7 Be7 26. Qg4+ 
 Kh7 27. Qf5+ Kg8 28. Ne6
 Qe8 29.
Rc8 Qxc8 30. Qg6# 1-0

[Event "Biel DAQ"]
[Site "Biel/Bienne, Switzerland"]
[Date "2022.07.22"]
[Round "7.2"]
[White "Moracchini, Margaux"]
[Black "Keymer, Cecilia"]
[Result "1/2-1/2"]
[TimeControl "90 min /40 mv + 30 min + 30s/mv"]
[WhiteElo "1937"]
[BlackElo "1652"]

1. e4 e5 2. Nf3 Nc6 
 3. d4 exd4 4. Nxd4 Nf6
 5. Nc3 
Bb4 6. Nxc6 bxc6 7. Bd3 
 d5 8. exd5 cxd5 9. O-O
 O-O 10.
Bg5 c6 
11. Qf3 Bd6 12. h3 Rb8 
 13. Rab1 h6 14. Bf4 Be6
 15. b3 
Re8 16. Rbd1 Bxf4 17. Qxf4 
 Qa5 18. Na4 Rbd8 19. Qd2
 Qc7 20.
Nc5 Nd7 
21. Nxd7 Rxd7 22. Rfe1 Rde7 
 23. Re2 Bc8 24. Rde1 Rxe2
 25. Rxe2 Rxe2 26. Qxe2 
 Be6 27. c4 Kf8 28. cxd5
 Bxd5 29.
Bc4 Bxc4 30. Qxc4 Qd7 
 31. Qe2 Kg8 32. Qc2 Qe6
 33. Qd2 
Qe7 34. Kf1 Qc7 35. Qe3 
 Qd7 36. Ke2 Kf8 37. Qd3
 Qe7+ 38.
Kd2 Kg8 
39. Kd1 Qc7 40. Kc2 Qe7 
 41. Qc4 Qd6 42. g3 Qc7
 43. Qc5 
Qd7 44. h4 Qc7 45. b4 
 Qd7 46. a4 Qb7 47. Kb3
 Qd7 48.
Kc3 Qb7 
49. Qd6 Qb6 50. Qd4 Qc7 
 51. Qc5 Qb7 52. b5 cxb5
 53. axb5 Qd7 54. Qc6 
 Qe7 55. Kd4 Qb4+ 56. Ke3
 Qe7+ 57.
Kf3 Qa3+ 58. Kf4 Qb4+ 
 59. Ke3 Qe7+ 1/2-1/2

[Event "Biel DAQ"]
[Site "Biel/Bienne, Switzerland"]
[Date "2022.07.22"]
[Round "7.3"]
[White "Sumarriva Paulin, Laura"]
[Black "Cornileau, Juliette"]
[Result "1-0"]
[TimeControl "90 min /40 mv + 30 min + 30s/mv"]
[WhiteElo "1913"]
[BlackElo "1900"]

1. e4 c5 2. Nc3 Nc6 
 3. g3 g6 4. Bg2 Bg7
 5. d3 
e6 6. Nge2 d6 7. O-O 
 Nge7 8. Bg5 Rb8 9. Qd2
 O-O 10.
Bh6 Nd4 
11. Bxg7 Kxg7 12. h3 b5 
 13. f4 b4 14. Nd1 h5
 15. Ne3 
d5 16. f5 exf5 17. exd5 
 Nxe2+ 18. Qxe2 Bb7 19. Qf3
 Qd6 20.
c4 bxc3 
21. bxc3 Ba6 22. c4 Rb2 
 23. Rf2 Rxf2 24. Qxf2 Rb8
 25. Re1 
Bc8 26. Nf1 Bd7 27. d4 
 Rc8 28. dxc5 Rxc5 29. Nd2
 Nc8 30.
Qd4+ Kh7 31. Nb3 Rc7 
 32. c5 Qxg3 33. Re3 Qg5
 34. c6 
Bxc6 35. dxc6 Rxc6 36. Re8 
 Rc1+ 37. Kh2 1-0

[Event "Biel DAQ"]
[Site "Biel/Bienne, Switzerland"]
[Date "2022.07.22"]
[Round "7.4"]
[White "Ciarletta, Iris"]
[Black "Zhuang, Yongzhe"]
[Result "0-1"]
[TimeControl "90 min /40 mv + 30 min + 30s/mv"]
[WhiteElo "1717"]
[BlackElo "1838"]

1. d4 d5 2. c4 dxc4 
 3. e4 b5 4. a4 c6
 5. axb5 
cxb5 6. Nc3 a6 7. Nxb5 
 axb5 8. Rxa8 Bb7 9. Ra1
 e6 10.
Ne2 Nc6 
11. Be3 f5 12. Nc3 Bb4 
 13. exf5 Nf6 14. fxe6 Qd5
 15. Be2 
Qxg2 16. Bf3 Qh3 17. Rg1 
 O-O 18. Rg3 Qh4 19. Bg5
 Qxh2 20.
Bxf6 Rxf6 21. d5 Ne5 
 22. Ra7 Nd3+ 23. Qxd3 cxd3
 24. Rxb7 g6 25. Rxb5 
 Bxc3+ 26. bxc3 Rxf3 27. Rb8+
 Kg7 28.
Rb7+ Kh6 29. Rxf3 Qh1+ 
 30. Kd2 Qxf3 31. c4 Qe2+
 32. Kc3 
Qc2+ 33. Kd4 d2 34. Ke5 
 d1=Q 35. Rc7 Qxf2 36. Kd6
 Qf4+ 37.
Kd7 Qa4+ 38. Kc8 Qf8+ 
 39. Kb7 Qfa8+ 0-1

[ePGN "0.1;DGT LiveChess/2.2.5"]

[Event "GMT Classical Biel"]
[Site "Biel, Switzerland"]
[Date "2022.07.15"]
[Round "2.2"]
[White "Esipenko, Andrey"]
[Black "Salem, A.R. Saleh"]
[Result "1/2-1/2"]
[TimeControl "100 minutes 40 moves + 50 minutes for the next 20 moves + 15 minutes for the rest of the game, addition of 30 seconds per move"]
[WhiteElo "2682"]
[BlackElo "2684"]

1. e4 e5 2. Nf3 Nc6 
 3. Bb5 a6 4. Ba4 Nf6
 5. O-O 
Be7 6. d3 b5 7. Bb3 
 O-O 8. a4 Bb7 9. Nc3
 Na5 10.
Bd5 c6 
11. Ba2 Qc7 12. Bg5 b4 
 13. Nb1 d5 14. Nbd2 Rad8
 15. Re1 
d4 16. Nc4 Nxc4 17. Bxc4 
 a5 18. Nd2 h6 19. Bh4
 g6 20.
Bb3 Kg7 
21. Rf1 Ba6 22. Kh1 Rh8 
 23. Qe2 Rde8 24. Rae1 Bc8
 25. Nc4 
Be6 26. Nd2 Bc8 27. Nc4 
 Be6 28. Nd2 Bc8 29. Nc4
 g5 30. Bg3 Bd8 31. Bh4 
Be7 1/2-1/2

[Event "GMT Classical"]
[Site "Biel, Switzerland"]
[Date "2022.07.19"]
[Round "4.1"]
[White "Gukesh, D"]
[Black "Esipenko, Andrey"]
[Result "0-1"]
[TimeControl "90 min / 40 moves + 30 min + 30 sec / move"]
[WhiteElo "2684"]
[BlackElo "2682"]

1. d4 Nf6 2. c4 e6 
 3. Nf3 d5 4. Nc3 c5
 5. cxd5 
Nxd5 6. e4 Nxc3 7. bxc3 
 cxd4 8. cxd4 Bb4+ 9. Bd2
 Bxd2+ 
10. Qxd2 O-O 11. h4 b6 
 12. Rd1 Bb7 13. Bd3 Nc6
 14. Qe3 
Qe7 15. O-O Rad8 16. Rfe1 
 Rfe8 17. h5 h6 18. d5
 Nb4 19.
Bb1 e5 
20. Qc3 Qd6 21. a3 Na6 
 22. Bd3 Nc5 23. Bb5 Re7
 24. Nd2 
Bc8 25. Re3 Qf6 26. Be2 
 Qh4 27. g3 Qh3 28. Nf1
 Bg4 29.
f3 Bd7 
30. g4 Qh4 31. Kg2 Rc8 
 32. Qd2 Ba4 33. Rb1 Rec7
 34. Ng3 
Qg5 35. Kf2 Bd7 36. Rd1 
 Qf4 37. d6 Rc6 38. Kg2
 Na4 39.
Rb3 Rc2 
40. Qe1 Nc5 41. Rb4 Ne6 
 42. Nf5 R8c3 43. Qf2 Kh7
 44. Ne7 
Qe3 0-1

[Event "GMT Classical"]
[Site "Biel, Switzerland"]
[Date "2022.07.19"]
[Round "4.2"]
[White "Kamsky, Gata"]
[Black "Naiditsch, Arkadij"]
[Result "1/2-1/2"]
[TimeControl "90 min / 40 moves + 30 min + 30 sec / move"]
[WhiteElo "2655"]
[BlackElo "2664"]

1. d4 Nf6 2. Nf3 g6 
 3. c3 Bg7 4. Bf4 O-O
 5. Nbd2 
d6 6. e4 Nc6 7. Be2 
 Nd7 8. O-O e5 9. dxe5
 dxe5 10.
Bg5 Qe8 
11. Re1 a5 12. Bb5 Nd8 
 13. a4 Ne6 14. Bh4 f6
 15. b4 
Qe7 16. Qb3 Kh8 17. Rad1 
 g5 18. Bg3 Rd8 19. h3
 Bf8 20.
Rb1 Nb8 
21. Nc4 axb4 22. cxb4 Nc6 
 23. Bxc6 bxc6 24. Qc2 c5
 25. Ne3 
c6 26. Nf5 Qe8 27. bxc5 
 Nxc5 28. Ra1 Ba6 29. Nd2
 Qe6 30.
a5 Nd3 
31. Re3 Rab8 32. Rb1 Nb4 
 33. Qc1 c5 34. h4 g4
 35. h5 
Bd3 36. Rb2 c4 37. Bh4 
 Nc6 38. Rxb8 Rxb8 39. a6
 Nd4 40.
a7 Ra8 
41. Nxd4 exd4 42. Rxd3 cxd3 
 43. Qc7 Qe7 44. Qc6 Qxa7
 45. Bxf6+ Bg7 46. h6 
 Bxf6 47. Qxf6+ Kg8 48. Qg5+
 Kf8 49.
Qf6+ Kg8 1/2-1/2

[Event "GMT Classical"]
[Site "Biel, Switzerland"]
[Date "2022.07.19"]
[Round "4.3"]
[White "Abdusattorov, Nodirbek"]
[Black "Salem, A.R. Saleh"]
[Result "1-0"]
[TimeControl "90 min / 40 moves + 30 min + 30 sec / move"]
[WhiteElo "2688"]
[BlackElo "2684"]

1. d4 Nf6 2. c4 e6 
 3. Nc3 d5 4. cxd5 exd5
 5. Bg5 
c6 6. e3 h6 7. Bh4 
 Be7 8. Bd3 O-O 9. Nge2
 Re8 10.
O-O Nbd7 11. Qc2 Nh5 
 12. Bxe7 Qxe7 13. Rad1 Ndf6
 14. Nc1 
Qd6 15. Rfe1 Ng4 16. g3 
 Nhf6 17. Re2 Qd7 18. Ree1
 Qd6 19.
Nb3 h5 
20. Nd2 h4 21. e4 Nxf2 
 22. Kxf2 Ng4+ 23. Kg2 Nxh2
 24. Nf1 
Nxf1 25. e5 Qe6 26. Rxf1 
 Qh3+ 27. Kg1 Bg4 28. Rd2
 hxg3 29.
Bf5 Re7 
30. Bxg4 Qxg4 31. Kg2 Re6 
 32. Rh1 Rg6 33. Rh3 Re8
 34. Rd1 
f6 35. Ne2 Rg5 36. Rf1 
 Re6 37. Rf4 Qxh3+ 38. Kxh3
 fxe5 39.
Rg4 1-0

[Event "GMT Classical"]
[Site "Biel, Switzerland"]
[Date "2022.07.19"]
[Round "4.4"]
[White "Le, Quang Liem"]
[Black "Keymer, Vincent"]
[Result "1-0"]
[TimeControl "90 min / 40 moves + 30 min + 30 sec / move"]
[WhiteElo "2722"]
[BlackElo "2686"]

1. d4 Nf6 2. c4 e6 
 3. g3 Bb4+ 4. Nd2 d5
 5. Bg2 
O-O 6. Ngf3 b6 7. O-O 
 Bb7 8. Ne5 a5 9. a3
 Be7 10.
cxd5 exd5 11. Nb1 Nbd7 
 12. Nc3 Ne4 13. Nxe4 dxe4
 14. Qc2 
Nxe5 15. dxe5 Qd5 16. Rd1 
 Qxe5 17. Bf4 Qe6 18. Qxc7
 Ba6 19.
Qd7 Bxe2 20. Qxe6 fxe6 
 21. Rd7 Bf6 22. Bxe4 Rad8
 23. Bc6 
Bc4 24. Rxd8 Rxd8 25. Rc1 
 Bb3 26. a4 Bd4 27. Bb5
 h6 28.
Be3 Bxe3 29. fxe3 g5 30.
Rf1 Kg7 
31. h4 Rd5 32. Be8 Rd8 
 33. Bb5 Rc8 34. hxg5 hxg5
 35. Rf2 
Rc1+ 36. Rf1 Rc5 37. Be8 
 Rc8 38. Bb5 Bd5 39. Bd3
 Rc5 40.
Kf2 e5 
41. e4 Bb3 42. Bb5 Rc2+ 
 43. Ke3 Rg2 44. Kf3 Rxb2
 45. Kg4 
Be6+ 46. Kxg5 Rb3 47. Rg1 
 Re3 48. Bc6 Rf3 49. Be8
 Rd3 50.
g4 Rd4 
51. Re1 Rc4 52. Bb5 Rc2 
 53. Rg1 Rc3 54. Rb1 Rc8
 55. Be2 
Rc6 56. Rb5 Bd7 57. Rxe5 
 Rg6+ 58. Kf4 Rf6+ 59. Ke3
 Bxa4 60.
g5 Rf7 
61. Re6 Rb7 62. Bc4 b5 
 63. Bd5 Ra7 64. Re8 Kh7
 65. Kf4 
Bd1 66. Rb8 a4 67. Kf5 
 Bh5 68. e5 Rd7 69. Rxb5
 Kg7 70.
Ra5 Be8 
71. e6 Rc7 72. Ra8 Bb5 
 73. e7 Rxe7 74. Rg8+ Kh7
 75. g6+ 
Kh6 76. Rh8+ Kg7 77. Rh7+ 
 Kf8 1-0

[ePGN "0.1;DGT LiveChess/2.2.5"]

[Event "GMT Classical"]
[Site "Biel, Switzerland"]
[Date "2022.07.20"]
[Round "5.1"]
[White "Keymer, Vincent"]
[Black "Gukesh, D"]
[Result "0-1"]
[TimeControl "90 min / 40 moves + 30 min + 30 sec / move"]
[WhiteElo "2686"]
[BlackElo "2684"]

1. c4 e6 2. Nc3 d5 
 3. d4 Nf6 4. cxd5 exd5
 5. Bg5 
Bb4 6. e3 h6 7. Bf4 
 Bf5 8. Bd3 Bxd3 9. Qxd3
 O-O 10.
Nge2 c6 
11. g4 Ne4 12. h4 Nd7 
 13. a3 Ba5 14. f3 Nxc3
 15. bxc3 Re8 16. Kf2 
 Nf8 17. g5 h5 18. Be5
 Qd7 19.
Ng3 g6 
20. c4 b5 21. c5 Bc7 
 22. f4 a5 23. Rab1 Rad8
 24. Qf1 
Rb8 25. Qh3 Ne6 26. Rb3 
 Rb7 27. Kg2 a4 28. Rb2
 Bxe5 29.
fxe5 b4 
30. axb4 Reb8 31. Rhb1 a3 
 32. Rb3 a2 33. Ra1 Rxb4
 34. Rxb4 Rxb4 35. Rxa2 
 Rxd4 36. Qh1 Rg4 37. Ra8+
 Kh7 38.
Qb1 Nxg5 39. hxg5 h4 
 40. Qf1 Rxg3+ 41. Kh2 Qe6
 42. Ra7 
Rxg5 43. Qxf7+ Qxf7 44. Rxf7+ 
 Kh6 45. Rf6 Rxe5 46. Rxc6
 Rxe3 47.
Rd6 Rd3 
48. c6 Rc3 49. Kg2 Kh5 
 50. Rxd5+ g5 51. Rd6 h3+
 52. Kh2 
Kh4 53. Rh6+ Kg4 54. Rd6 
 Rc2+ 55. Kg1 Kg3 56. Rd3+
 Kh4 57.
c7 Rxc7 
58. Rd4+ g4 59. Kh2 Rc2+ 
 60. Kg1 Re2 61. Ra4 Kg3
 62. Ra3+ Kf4 63. Ra4+ 
 Kf3 64. Ra3+ Re3 65. Ra1
 g3 66.
Rb1 h2+ 
67. Kh1 Kg4 0-1

[Event "GMT Classical"]
[Site "Biel, Switzerland"]
[Date "2022.07.20"]
[Round "5.2"]
[White "Salem, A.R. Saleh"]
[Black "Le, Quang Liem"]
[Result "0-1"]
[TimeControl "90 min / 40 moves + 30 min + 30 sec / move"]
[WhiteElo "2684"]
[BlackElo "2722"]

1. d4 Nf6 2. c4 e6 
 3. g3 Bb4+ 4. Bd2 Be7
 5. Bg2 
d5 6. Nf3 O-O 7. O-O 
 Nbd7 8. Qc2 c6 9. Rd1
 a5 10.
Bf4 a4 
11. Nbd2 Nh5 12. Be3 Nhf6 
 13. Bf4 Nh5 14. Be3 Nhf6
 15. Bg5 
h6 16. Bf4 Nh5 17. Be3 
 Nhf6 18. Bf4 Nh5 19. Be5
 f6 20.
Bf4 g5 
21. Be3 Ng7 22. Nf1 Nb6 
 23. b3 Bd7 24. c5 Nc8
 25. Bd2 
Be8 26. Ne3 Bh5 27. bxa4 
 Qe8 28. Qb3 Ra7 29. Bc3
 Bd8 30.
Re1 Rf7 
31. Nf1 b6 32. e4 Rfb7 
 33. Qd1 bxc5 34. dxc5 Qf8
 35. exd5 cxd5 36. Rc1 
 Ne7 37. Ne3 Nc6 38. Qd2
 Be8 39.
Nd4 Nxd4 40. Bxd4 Bc6 
 41. Rb1 Ba5 42. Bc3 Rxb1
 43. Rxb1 Qxc5 44. Bxa5 
 Qxa5 45. Qc2 Be8 46. Ng4
 f5 47.
Nf6+ Kf7 48. Nxe8 Nxe8 
 49. Qb2 Nf6 50. Qd4 Rc7
 51. Bf1 
Qa7 52. Rb6 Nd7 53. a5 
 Qxa5 54. Ra6 Qc5 55. Qh8
 Nf6 56.
Ra8 Kg6 
57. Rf8 Rg7 58. Rc8 Qd4 
 59. Bb5 f4 60. Be8+ Kf5
 61. Bb5 
Rb7 62. Be2 g4 63. Rb8 
 Rc7 64. Rc8 Rh7 65. Qf8
 fxg3 66.
hxg3 Kg6 67. Bb5 Rf7 
 68. Qh8 Qd1+ 69. Kh2 Qd2
 70. Kg2 
Rh7 71. Qf8 Rf7 72. Qh8 
 Qxa2 73. Bd3+ Kh5 74. Rg8
 Ne4 75.
Qe5+ Rf5 76. Bxe4 Qxf2+ 
 77. Kh1 Qe1+ 0-1